AoeStats
← villersb

Arena

506366550Analyzed
2v2 RM · 20d ago on Sep 13, 2026· 39m 33s· 4 players
Game mode
Random Map
Map size
Medium (4 player)
Population
200
Speed
Normal
Resources
Standard
Victory
Conquest
Starting age
Dark Age
Ending age
Imperial Age
RankedLock teamsTeams togetherTeam positionsShared explorationLock speedFull tech treeHidden civsTurbo modeCheats
Victory
Defeat
🇺🇸 Armenians · United States
1488
+11
🇺🇸 Cumans · United States
1487
+11
🇷🇺 Poles · Russia
1389
-12
🇺🇸 Cumans · United States
1351
-10
dl_cucga
0:27 Loom
8:50 Feudal Age
7:16 Loom
10:25 Double-Bit Axe
10:21 Horse Collar
19:58 Castle Age
18:08 Gold Mining
21:29 Bow Saw
21:59 Wheelbarrow
22:39 Stone Mining
26:55 Imperial Age
24:52 Hand Cart
25:04 Fletching
25:58 Heavy Plow
26:15 Bodkin Arrow
28:50 Chemistry
32:02 Ballistics
32:08 Parthian Tactics
31:49 Thumb Ring
32:19 Padded Archer Armor
34:23 Elite Kipchak
36:16 Scale Barding Armor
36:27 Leather Archer Armor
36:19 Scale Barding Armor
36:51 Steppe Husbandry
38:46 Conscription
39:00 Chain Barding Armor
39:11 Ring Archer Armor
38:52 Town Watch
39:27 Forging
40:12 Bloodlines
39:23 Light Cavalry
40:39 Plate Barding Armor
Lastik
10:47 Feudal Age
14:49 Castle Age
13:09 Double-Bit Axe
13:06 Horse Collar
16:26 Bow Saw
16:18 Heavy Plow
23:53 Wheelbarrow
24:49 Loom
27:45 Imperial Age
25:11 Gold Mining
villersb
10:29 Feudal Age
14:16 Castle Age
12:11 Double-Bit Axe
12:44 Horse Collar
15:19 Bow Saw
23:56 Wheelbarrow
23:32 Loom
23:57 Stone Mining
24:41 Gold Mining
24:38 Pikeman
25:19 Squires
25:20 Scale Mail Armor
25:27 Fletching
30:01 Imperial Age
27:13 Halberdier
28:10 Forging
29:28 Chain Mail Armor
29:27 Bodkin Arrow
30:10 Ballistics
31:12 Conscription
31:11 Bracer
32:55 Chemistry
33:19 Plate Mail Armor
33:24 Iron Casting
34:18 Masonry
36:33 Blast Furnace
36:25 Coinage
37:55 Arson
39:00 Heavy Plow
40:10 Banking
flem
9:15 Feudal Age
10:28 Double-Bit Axe
11:35 Horse Collar
21:29 Castle Age
19:18 Loom
20:23 Scale Barding Armor
20:30 Bloodlines
21:26 Forging
21:37 Capped Ram
22:56 Bow Saw
23:14 Chain Barding Armor
27:26 Wheelbarrow
27:58 Heavy Plow
27:51 Gold Mining
27:52 Stone Mining
29:55 Hand Cart
36:19 Imperial Age
36:52 Iron Casting
36:20 Siege Ram
36:23 Cavalier
37:44 Plate Barding Armor
38:28 Paladin
Connection lost

Rejoining the realm…

Still unreachable

The connection could not be restored.

Session expired

The server has moved on; the page needs a fresh start.